 Dungeon Crawl Stone Soup version 0.28-a0-1182-g381e24db82 (webtiles) character file.

Game seed: 14906800890298129550

111403 bearlyready the Devastator (level 16, -4/134 HPs)
             Began as a Green Draconian Conjurer on Dec 16, 2021.
             Was an Initiate of Gozag.
             Killed by an exploding fulminant prism (14 damage)
             ... on level 1 of the Shoals on Dec 17, 2021.
             The game lasted 01:31:32 (42885 turns).

bearlyready the Devastator (DrCj)                  Turns: 42885, Time: 01:31:33

Health: -4/134     AC: 14    Str: 11    XL:     16   Next: 9%
Magic:  1/28       EV: 16    Int: 32    God:    Gozag
Gold:   8182       SH: 10    Dex: 12    Spells: 24/31 levels left

rFire   + . .      SeeInvis +   l - +0 morningstar (venom)
rCold   + . .      Faith    .   r - +4 buckler of Refuge {rC+ Will++ Dex+3}
rNeg    . . .      Spirit   .   (armour unavailable)
rPois   +          Reflect  .   I - +2 hat
rElec   .          Harm     .   z - scarf {repulsion}
rCorr   .          Rampage  .   (no gloves)
Will    +++..                   M - +2 pair of boots of the Vaults {rF+ SInv}
Stlth   ++........              (no amulet)
HPRegen 0.32/turn               R - +6 ring of intelligence
MPRegen 0.21/turn               x - ring of flight

@: flying, repel missiles
A: breathe noxious fumes, AC +9, unfitting armour, stinger 1, poison resistance,
cold-blooded
a: Breathe Noxious Fumes, Renounce Religion, Potion Petition, Call Merchant,
Bribe Branch


You were on level 1 of the Shoals.
You worshipped Gozag.
Gozag was greatly pleased with you.
You visited 5 branches of the dungeon, and saw 26 of its levels.
You also visited: Sewer.

You collected 8764 gold pieces.
You spent 543 gold pieces at shops.
You paid 39 gold pieces to Gozag.

Inventory:

Hand Weapons
 l - a +0 morningstar of venom (weapon)
 B - a +0 whip of electrocution
 H - a +4 vorpal mace
 U - the +9 staff of Wucad Mu {*channel}
   (You acquired it on level 2 of the Lair of Beasts)

   It occasionally powers its wielder's spells, but with a chance of causing
   confusion or draining the wielder's intelligence.
   It becomes more likely to activate and less likely to backfire with increased
   Evocations skill.
Missiles
 c - a throwing net
 e - a silver boomerang
 q - 7 javelins
 F - 69 poisoned darts
 J - 3 curare-tipped darts
 L - 11 boomerangs (quivered)
 Y - 4 boomerangs of dispersal
Armour
 r - the +4 buckler of Refuge (worn) {rC+ Will++ Dex+3}
   (You bought it in a shop on level 1 of the Dungeon)

   Dex:       It affects your dexterity (+3).
   rC:        It protects you from cold.
   Will:      It greatly increases your willpower.
 z - a scarf of repulsion (worn)
 I - a +2 hat (worn)
 M - the +2 pair of boots of the Vaults (worn) {rF+ SInv}
   (You found it on level 6 of the Dungeon)

   rF:        It protects you from fire.
   SInv:      It lets you see invisible.
Jewellery
 f - a ring of resist corrosion
 k - a ring of protection from cold
 p - a ring of see invisible
 x - a ring of flight (right hand)
 D - a ring of protection from fire
 O - a ring of wizardry
 R - a +6 ring of intelligence (left hand)
 X - a +4 ring of evasion
Wands
 A - a wand of digging (15)
Scrolls
 a - 4 scrolls of teleportation
 b - 2 scrolls of blinking
 h - 9 scrolls of enchant armour
 i - 5 scrolls of fog
 j - 2 scrolls of silence
 o - 4 scrolls of enchant weapon
 s - a scroll of magic mapping
 t - a scroll of fear
 w - 2 scrolls of identify
 y - a scroll of torment
 E - 2 scrolls of brand weapon
 K - 2 scrolls of immolation
 N - 2 scrolls of vulnerability
Potions
 d - 2 potions of heal wounds
 g - 7 potions of curing
 m - 3 potions of resistance
 n - a potion of cancellation
 u - 5 potions of flight
 v - 3 potions of degeneration
 C - 6 potions of mutation
 P - 2 potions of magic
 T - 2 potions of berserk rage
 W - 2 potions of attraction
Miscellaneous
 G - a box of beasts (inert)
 Z - a lightning rod (1/4)


   Skills:
 + Level 9.8 Fighting
 + Level 8.7 Maces & Flails
 - Level 10.0 Dodging
 - Level 1.7 Stealth
 + Level 8.8 Shields
 - Level 8.0 Spellcasting
 + Level 17.8 Conjurations
 - Level 10.0 Hexes
 - Level 7.0 Evocations


You had 24 spell levels left.
You knew the following spells:

 Your Spells              Type           Power      Damage    Failure   Level
a - Magic Dart            Conj           100%       1d8       0%          1
b - Searing Ray           Conj           100%       2d8       0%          2
c - Fulminant Prism       Conj/Hex       40%        3d20      1%          4

Your spell library contained the following spells:

 Spells                   Type           Power      Damage    Failure   Level
 Shock                    Conj/Air       100%       1d9       1%          1
 Dazzling Flash           Conj/Hex       100%       N/A       1%          3
 Portal Projectile        Hex/Tloc       90%        N/A       1%          3
 Stone Arrow              Conj/Erth      100%       3d13      1%          3
 Iskenderun's Mystic Bla  Conj/Tloc      63%        2d13      1%          4
 Freeze                   Ice            48%        1d7       3%          1
 Sandblast                Erth           24%        2d8       3%          1
 Blink                    Tloc           24%        N/A       5%          2
 Passwall                 Tmut/Erth      10%        N/A       5%          2
 Sublimation of Blood     Necr           12%        N/A       5%          2
 Wereblood                Tmut           12%        N/A       5%          2
 Gell's Gravitas          Tloc           12%        N/A       11%         3
 Lesser Beckoning         Tloc           12%        N/A       11%         3
 Swiftness                Air            12%        N/A       11%         3
 Teleport Other           Tloc           12%        N/A       11%         3
 Metabolic Englaciation   Hex/Ice        22%        N/A       13%         5
 Airstrike                Air            6%         N/A       36%         4
 Blade Hands              Tmut           6%         N/A       71%         5
 Excruciating Wounds      Necr           6%         N/A       71%         5
 Manifold Assault         Tloc           12%        N/A       71%         5
 Dispersal                Tloc           6%         N/A       99%         6
 Lehudib's Crystal Spear  Conj/Erth      31%        10d8      99%         8
 Storm Form               Tmut/Air       6%         N/A       100%        7
 Summon Hydra             Summ           6%         N/A       100%        7
 Polar Vortex             Ice            6%         N/A       100%        9
 Animate Armour           Summ/Erth      Unusable   N/A       N/A         4

Dungeon Overview and Level Annotations

Branches:
Dungeon (15/15)            Temple (0/1) D:7            Lair (6/6) D:8
 Shoals (2/4) Lair:4       Spider (0/4) Lair:2        Slime (0/5) Lair:6
    Orc (2/2) D:9             Elf (1/3) Orc:2        Vaults (0/5) D:13
  Sewer (visited)
 Depths: D:15

Altars:
Ashenzari
Elyvilon
Fedhas
Gozag
Kikubaaqudgha
Makhleb
Okawaru
Trog
Wu Jian
Yredelemnul
Zin
The Shining One
Beogh
Jiyva

Shops:
D:1 [   D:5 ([[(   D:7 [   D:13 [   Orc:2 *=(**

Portals:
Pandemonium: Orc:2

Annotations:
Lair:6 1 runed translucent door
Shoals:1 2 transporters, Periodde's ghost, journeyman MiBe


Innate Abilities, Weirdness & Mutations

You can breathe blasts of noxious fumes.
Your lurid green scales are hard. (AC +9)
You cannot fit into any form of body armour.
Your tail ends in a venomous barb.
Your system is resistant to poisons. (rPois)
You are cold-blooded and may be slowed by cold attacks.


Message History

The kraken bites you.
You hear an explosion!
The blast of energy engulfs the kraken!!
The kraken is severely wounded.
Tentacles burst out of the water! 4 tentacles come into view.
Casting: Fulminant Prism (safe; 1% risk of failure)
Confirm with . or Enter, or press ? or * to list all spells.
Aiming: Fulminant Prism (safe; 1% risk of failure)
Press: ? - help, Dir - move target You conjure a prism of explosive energy!
A fulminant prism comes into view.
You block the tentacle's attack.
The tentacle slaps you but does no damage.
The kraken bites you.
You hit the kraken but do no damage.
The kraken looks as sick as possible!
The kraken is severely wounded.
The tentacle closely misses you. The tentacle slaps you.
The tentacle completely misses you. The kraken bites you!
The tentacle closely misses you. The tentacle slaps you!
The tentacle barely misses you. You block the tentacle's attack.
Your fulminant prism crackles loudly.
You hit the kraken but do no damage.
The kraken looks as sick as possible!
The kraken is severely wounded.
You block the tentacle's attack. The tentacle slaps you.
The tentacle completely misses you. The tentacle misses you.
The kraken squirts a massive cloud of ink into the water!
The tentacle slaps you!
* * * LOW HITPOINT WARNING * * *
The tentacle slaps you!
* * * LOW HITPOINT WARNING * * *
The tentacle barely misses you. The tentacle slaps you!
* * * LOW HITPOINT WARNING * * *
The kraken squirts a massive cloud of ink into the water!
Your fulminant prism explodes!
The blast of energy engulfs the tentacle!!!
You kill the tentacle!
The blast of energy engulfs you!
You die...
Your body crumbles into a pile of gold.

#################################
≈≈≈≈≈≈≈≈≈≈≈≈≈≈§w@w§≈≈≈≈≈≈≈≈≈≈≈≈≈≈
≈≈≈≈≈≈≈≈≈≈≈≈≈≈§wX§§≈≈≈§§≈≈≈≈≈≈≈≈≈
≈≈≈≈≈≈≈≈≈≈≈≈≈≈§§§§§§≈§≈§≈≈≈≈≈≈≈≈≈
≈≈≈≈≈≈≈≈≈≈≈≈≈≈§§§≈§≈≈§≈§≈≈≈≈≈≈≈≈≈
≈≈≈≈≈≈≈≈≈≈≈≈≈≈≈≈§§§§≈≈§§≈≈≈≈≈≈≈≈≈
≈≈≈≈≈≈≈≈≈≈≈≈≈≈≈≈≈§§§≈§§≈≈≈≈≈≈≈≈≈≈
≈≈≈.≈≈≈≈≈≈≈≈≈≈≈≈≈§≈§§≈§≈≈≈≈≈≈≈≈≈≈
≈≈≈...≈≈≈≈≈≈≈≈≈≈≈§≈≈≈§§≈≈≈≈≈≈≈≈≈≈
≈≈≈..#.≈≈≈≈≈≈≈≈≈≈≈≈≈≈≈≈≈≈≈≈≈≈≈≈≈≈


You could see a kraken (extremely poisoned) and 3 tentacles.

Vanquished Creatures
  Gastronok (Lair:1)
  Kirke (Lair:6)
  Nessos (Lair:6)
  A dire elephant (Lair:6)
  An ettin (D:15)
  Snorg (D:11)
  A merfolk javelineer (Shoals:1)
  A vault guard (D:13)
  Harold (D:8)
  3 demonspawn (Orc:2)
  9 hydras
  A boulder beetle (D:12)
  3 centaur warriors
  A catoblepas (Lair:6)
  A tengu warrior (D:13)
  A deep troll shaman (Lair:6)
  2 two-headed ogres (D:11)
  4 death yaks (Lair:6)
  6 orc high priests (Orc:2)
  Sonja (Lair:5)
  A deep elf knight (D:13)
  5 skeletal warriors
  6 sea snakes (Shoals:1)
  2 wizards (D:15)
  4 orc knights (Orc:2)
  2 wolf spiders
  4 deep elf pyromancers
  A salamander (shapeshifter) (D:13)
  6 orc sorcerers
  4 fauns (Shoals:1)
  21 ugly things
  5 cyclopes
  7 manticores
  25 elephants
  5 black mambas
  A merfolk siren (Shoals:1)
  2 water nymphs (Shoals:1)
  2 orange demons (Orc:2)
  2 rime drakes
  3 unseen horrors
  A hellwing (Orc:1)
  14 cane toads
  Maggie (D:6)
  9 komodo dragons
  A demonic crawler (Lair:6)
  An efreet (D:14)
  A tengu conjurer (D:13)
  Psyche (D:8)
  4 jumping spiders (Lair:2)
  6 trolls
  2 merfolk (Shoals:1)
  Grinder (D:4)
  2 hornets
  A polar bear (Lair:4)
  2 wind drakes
  7 slime creatures (D:12)
  Prince Ribbit (D:9)
  28 blink frogs
  A snapping turtle (Shoals:1)
  4 dream sheep (Lair:5)
  2 redbacks (Lair:2)
  Sigmund (D:2)
  A centaur simulacrum (D:15)
  A shadow (D:11)
  A vampire (D:13)
  3 wyverns
  37 yaks
  2 water elementals (Shoals:1)
  3 wraiths
  The ghost of scottley the Slasher, an amateur MiMo (D:4)
  Grum (D:11)
  Eustachio (D:4)
  9 vampire mosquitoes
  6 basilisks
  2 steam dragons
  A hog (Lair:6)
  4 swamp worms (Lair:6)
  Menkaure (D:6)
  5 wargs
  3 acid dragons
  13 water moccasins
  A swamp drake (D:11)
  30 orc warriors
  Duvessa (D:5)
  Pargi (Sewer)
  2 black bears
  2 sky beasts
  2 necrophages
  23 wolves
  9 centaurs
  4 ogres
  6 boggarts
  A phantom (D:6)
  2 kobold brigands
  13 bullfrogs
  4 gnoll sergeants
  2 water moccasin zombies (D:5)
  4 scorpions
  A water moccasin skeleton (D:4)
  Dowan (D:5)
  6 howler monkeys
  2 electric eels (D:15)
  2 centaur zombies
  4 jellies
  34 orc priests
  Crazy Yiuf (D:4)
  3 iguanas
  23 orc wizards
  A hound zombie (D:4)
  A hound skeleton (D:4)
  2 howler monkey zombies
  28 gnolls
  7 adders
  A river rat (D:3)
  A white imp (D:6)
  An ufetubus (D:6)
  A worm (D:3)
  3 dart slugs
  82 orcs
  4 bats
  2 endoplasms
  10 giant cockroaches
  6 hobgoblins
  3 jackals (D:2)
  9 quokkas
  3 training dummies (D:5)
  7 ball pythons
  8 frilled lizards
  14 kobolds
  A rat (D:1)
  A bush (Lair:6)
  5 fulminant prisms
  A tentacle (Shoals:1)
721 creatures vanquished.

Vanquished Creatures (collateral kills)
  A centaur warrior (D:10)
  A hellwing (Orc:2)
  A troll (D:10)
  An air elemental (Orc:2)
4 creatures vanquished.

Vanquished Creatures (others)
  A hydra (Lair:6)
  A komodo dragon (Lair:6)
  5 humans (Lair:6)
  A bush (Lair:6)
  441 fulminant prisms
  60 fungi
  85 plants
  10 tentacles (Shoals:1)
  3 withered plants (D:3)
607 creatures vanquished.

Grand Total: 1332 creatures vanquished

Notes
Turn   | Place    | Note
-------+----------+-------------------------------------------
     0 | D:1      | bearlyready the Draconian Conjurer began the quest for the
                  | Orb.
     0 | D:1      | Reached XP level 1. HP: 14/14 MP: 3/3
   484 | D:1      | Found Xilufy's Antique Armour Boutique.
   558 | D:1      | Reached XP level 2. HP: 20/20 MP: 1/5
   792 | D:1      | Learned a level 2 spell: Searing Ray
  1139 | D:1      | Found a faded altar of an unknown god.
  1199 | D:1      | Reached skill level 5 in Conjurations
  1374 | D:1      | Reached XP level 3. HP: 23/26 MP: 6/6
  1781 | D:2      | Found a basalt altar of Yredelemnul.
  2425 | D:2      | Reached XP level 4. HP: 29/33 MP: 7/7
  2648 | D:2      | Reached skill level 6 in Conjurations
  2710 | D:2      | Noticed Sigmund
  2727 | D:2      | Killed Sigmund
  2728 | D:2      | Reached skill level 7 in Conjurations
  2728 | D:2      | Reached XP level 5. HP: 19/38 MP: 1/8
  2728 | D:2      | Reached XP level 6. HP: 22/45 MP: 1/9
  2933 | D:3      | Found a white marble altar of Elyvilon.
  2943 | D:3      | Learned a level 4 spell: Fulminant Prism
  2988 | D:3      | Found an opulent altar of Gozag.
  2996 | D:3      | Became a worshipper of Gozag Ym Sagoz the Greedy
  3047 | D:3      | Reached skill level 1 in Hexes
  3246 | D:3      | Found a glowing drain.
  3297 | Sewer    | Entered a sewer
  3369 | Sewer    | Noticed Pargi
  3378 | Sewer    | Killed Pargi
  3702 | D:3      | Found an ancient bone altar of Kikubaaqudgha.
  3795 | D:3      | Your scales start taking on a lurid green colour.
  3795 | D:3      | Reached XP level 7. HP: 48/50 MP: 7/10
  3795 | D:3      | Gained mutation: Your system is resistant to poisons.
                  | (rPois) [Green Draconian growth]
  3891 | D:1      | Bought a translucent buckler for 237 gold pieces
  3891 | D:1      | Identified the +4 buckler of Refuge {rC+ Will++ Dex+3} (You
                  | bought it in a shop on level 1 of the Dungeon)
  4048 | D:3      | Found a bloodstained altar of Trog.
  4076 | D:3      | Found a broken altar of Ashenzari.
  4171 | D:3      | Reached skill level 8 in Conjurations
  4522 | D:4      | Noticed Grinder
  4555 | D:4      | Killed Grinder
  4556 | D:4      | Reached skill level 1 in Shields
  4756 | D:4      | Noticed Eustachio
  4773 | D:4      | Killed Eustachio
  4981 | D:4      | Found a glowing silver altar of Zin.
  5189 | D:4      | Found a runed translucent gate.
  5189 | D:4      | Found a runed translucent gate.
  5189 | D:4      | Found a runed translucent gate.
  5189 | D:4      | Noticed scottley's ghost (amateur MiMo)
  5191 | D:4      | Found a basalt altar of Yredelemnul.
  5301 | D:4      | Reached XP level 8. HP: 48/57 MP: 8/11
  5375 | D:4      | Found a burning altar of Makhleb.
  5594 | D:4      | Found a runed translucent door.
  5595 | D:4      | Noticed Crazy Yiuf
  5638 | D:5      | Entered Level 5 of the Dungeon
  5945 | D:5      | Noticed Dowan
  5968 | D:5      | Noticed Duvessa
  5977 | D:5      | Killed Dowan
  6028 | D:5      | Killed Duvessa
  6029 | D:5      | Reached skill level 9 in Conjurations
  6310 | D:5      | Found Wisoppy's Antique Armour Shoppe.
  6319 | D:5      | Found Neicik's Antique Armour Shop.
  6330 | D:5      | Bought a pair of runed boots for 180 gold pieces
  6367 | D:5      | Found Onidoz's Weapon Boutique.
  6398 | D:5      | Reached skill level 1 in Maces & Flails
  6711 | D:5      | Found Amuches's Firing Range.
  6794 | D:5      | Reached skill level 5 in Hexes
  7160 | D:6      | Noticed a troll
  7169 | D:6      | Noticed Menkaure
  7398 | D:6      | Reached XP level 9. HP: 29/62 MP: 8/12
  7400 | D:6      | Killed Menkaure
  7740 | D:6      | Found an iron altar of Okawaru.
  7857 | D:6      | Identified the +5 short sword of Symmetry {flame, rF+}
  8002 | D:6      | Noticed Maggie
  8030 | D:6      | Killed Maggie
  8037 | D:6      | Noticed Prince Ribbit
  8231 | D:6      | Identified the +2 pair of boots of the Vaults {rF+ SInv}
  8601 | D:7      | Reached skill level 10 in Conjurations
  8610 | D:7      | Found a staircase to the Ecumenical Temple.
  9441 | D:7      | Found a blossoming altar of Fedhas.
  9472 | D:7      | Found an ornate altar of the Wu Jian Council.
  9496 | D:7      | Reached skill level 5 in Maces & Flails
  9816 | D:7      | Found Figec's Antique Armour Shoppe.
 10115 | D:8      | Reached skill level 1 in Fighting
 10342 | D:8      | Noticed Psyche
 10448 | D:8      | Killed Psyche
 10449 | D:8      | Reached XP level 10. HP: 73/73 MP: 5/13
 10837 | D:8      | Found a staircase to the Lair.
 10927 | D:8      | Noticed Harold
 10947 | D:8      | Killed Harold
 11445 | D:8      | Reached skill level 11 in Conjurations
 11600 | D:9      | Killed Prince Ribbit
 12065 | D:9      | Found a staircase to the Orcish Mines.
 12114 | D:9      | Reached XP level 11. HP: 55/85 MP: 7/17
 12805 | D:10     | Entered Level 10 of the Dungeon
 12823 | D:10     | Noticed a centaur warrior
 13005 | D:10     | Killed a centaur warrior
 13006 | D:10     | Reached skill level 5 in Fighting
 13375 | D:10     | Reached skill level 5 in Spellcasting
 13876 | D:11     | Noticed a five-headed hydra
 13899 | D:11     | Killed a five-headed hydra
 14229 | D:11     | Reached skill level 12 in Conjurations
 14377 | D:11     | Noticed Snorg
 14688 | D:11     | Killed Snorg
 14984 | D:11     | Noticed a two-headed ogre
 14996 | D:11     | Killed a two-headed ogre
 15101 | D:11     | Noticed a two-headed ogre
 15115 | D:11     | Killed a two-headed ogre
 15553 | D:11     | Noticed Grum
 15558 | D:11     | Killed Grum
 15654 | D:11     | Reached XP level 12. HP: 77/101 MP: 8/19
 16001 | D:12     | Noticed a five-headed hydra
 16015 | D:12     | Killed a five-headed hydra
 16343 | D:12     | Noticed a boulder beetle
 16669 | Lair:1   | Entered Level 1 of the Lair of Beasts
 16697 | Lair:1   | Reached skill level 13 in Conjurations
 16697 | Lair:1   | Reached skill level 10 in Hexes
 17707 | Lair:1   | Noticed Gastronok
 17972 | Lair:1   | Killed Gastronok
 17973 | Lair:1   | Reached skill level 14 in Conjurations
 18214 | Lair:1   | Identified a scroll of acquirement
 18219 | Lair:1   | Acquired 431 gold pieces
 19105 | Lair:2   | Reached skill level 15 in Conjurations
 19397 | Lair:2   | Found a hole to the Spider Nest.
 19437 | Lair:2   | Reached skill level 1 in Evocations
 19805 | Lair:2   | Reached XP level 13. HP: 61/108 MP: 4/20
 21673 | Lair:2   | Acquired the +9 staff of Wucad Mu {*channel}
 21673 | Lair:2   | Found the +9 staff of Wucad Mu {*channel}
 21691 | Lair:3   | Found an iron altar of Okawaru.
 22033 | Lair:3   | Reached skill level 5 in Shields
 22466 | Lair:4   | Found a staircase to the Shoals.
 24227 | Lair:5   | Noticed Sonja
 24232 | Lair:5   | Killed Sonja
 25347 | Lair:6   | Entered Level 6 of the Lair of Beasts
 25886 | Lair:6   | Reached skill level 5 in Dodging
 25903 | Lair:6   | Noticed Kirke
 25983 | Lair:6   | Noticed Nessos
 25994 | Lair:6   | Noticed a dire elephant
 26267 | Lair:6   | Gained mutation: Your tail ends in a venomous barb. [Green
                  | Draconian growth]
 26267 | Lair:6   | Reached XP level 14. HP: 58/118 MP: 19/24
 26425 | Lair:6   | Killed Nessos
 27994 | Lair:6   | Killed Kirke
 28475 | Lair:6   | Reached skill level 16 in Conjurations
 28898 | Lair:6   | Got Tirgha's Papyrus of the Spatial Glacier
 29229 | Lair:6   | Found a runed translucent door.
 29229 | Lair:6   | Found a viscous altar of Jiyva.
 29229 | Lair:6   | Found a staircase to the Slime Pits.
 29229 | Lair:6   | Noticed an acid blob
 29725 | Orc:1    | Entered Level 1 of the Orcish Mines
 30228 | D:4      | Killed scottley's ghost
 30293 | D:4      | Killed Crazy Yiuf
 31347 | D:13     | Found a glowing golden altar of the Shining One.
 31436 | D:13     | Found Raerch's Armour Emporium.
 32996 | D:13     | Found a gate to the Vaults.
 33449 | D:14     | Reached XP level 15. HP: 124/124 MP: 15/27
 33471 | D:14     | Reached skill level 5 in Evocations
 34084 | D:14     | Reached skill level 17 in Conjurations
 34776 | D:14     | Found a burning altar of Makhleb.
 35241 | D:15     | Entered Level 15 of the Dungeon
 36579 | D:12     | Identified the +1 ring mail of Sharp Miracles {Int+2}
 37374 | Orc:2    | Entered Level 2 of the Orcish Mines
 37468 | Orc:2    | Found Anaen's Gadget Gallery.
 37684 | Orc:2    | Found a staircase to the Elven Halls.
 37734 | Orc:2    | Found Waxuucli's General Store.
 37735 | Orc:2    | Found Eboir's General Store.
 38322 | Orc:2    | Bought a scroll of enchant armour for 90 gold pieces
 38324 | Orc:2    | Bought a scroll of teleportation for 36 gold pieces
 39719 | Orc:2    | Found Qocrugih's Antique Weapon Shop.
 39719 | Orc:2    | Found a one-way gate leading to the halls of Pandemonium.
 39719 | Orc:2    | Found Ekhidd's Jewellery Boutique.
 40290 | Elf:1    | Entered Level 1 of the Elven Halls
 40294 | Elf:1    | Paralysed by an air elemental for 1 turns
 40298 | Elf:1    | Paralysed by an air elemental for 1 turns
 40490 | Shoals:1 | Entered Level 1 of the Shoals
 41230 | Shoals:1 | Reached skill level 10 in Dodging
 41238 | Shoals:1 | Reached XP level 16. HP: 133/133 MP: 9/28
 41727 | Shoals:1 | Noticed Periodde's ghost (journeyman MiBe)
 42491 | Shoals:1 | Found a transporter.
 42521 | Shoals:1 | Found a transporter.
 42525 | Shoals:1 | Found a bloodstained altar of Trog.
 42565 | Shoals:1 | Noticed a kraken
 42885 | Shoals:1 | Killed by an exploding fulminant prism

Illustrated notes

Levels and vault maps discovered:
D:1:      nagdon_arrival_zigzag_paths, layout_loops_corners,
          ebering_ecumenical_altar_mist, serial_shops,
          nicolae_shop_advertising_works [nicolae_subvault_shop_adworks],
          hangedman_feature_mirror, minmay_tall_x
D:2:      layout_rooms, basic_altar, uniq_sigmund
D:3:      layout_loops_ring, chequers_temple_overflow_statue_of_worship,
          trog_book, kiku_gazebo_garden_becter, overflow_temple_1_default,
          gup_sewer_entry_bubbles
D:4:      layout_loops_ring, nicolae_yredelemnul_ghost_church,
          general_overflow_altar, mainiacjoe_overflow_six_doors_small,
          serial_bayou_pond_e, kennysheep_cluttered_room,
          uniq_crazy_yiuf_cottage, uniq_eustachio, uniq_grinder
D:5:      layout_gridville, serial_shops, nicolae_shop_window_shopping,
          nicolae_diamond_shop, nicolae_shop_trees, kennysheep_path_1,
          corexii_checkpoint_a, nicolae_shop_firing_range, uniq_duvessa
D:6:      layout_basic, overflow_temple_1_default, kennysheep_windowed_goal,
          uniq_menkaure, uniq_maggie, uniq_prince_ribbit1
D:7:      layout_basic, fedhas_bush_and_centaur_altar,
          nicolae_wu_jian_wuxing_cycle, minmay_temple_entry_stoned_glass,
          serial_shops, shop
D:8:      layout_basic, erik_lair_orcish_takeover, special_room
          [special_room_orc], nrook_loot_triangle, minmay_misc_feat_iff,
          uniq_harold, uniq_psyche
D:9:      layout_stronghold, minmay_orc_entry_temple_small
D:10:     layout_basic, david_defended_altar_orc
D:11:     minmay_general_purpose_star, layout_gridville, grunt_ogre_cave, pond,
          uniq_snorg, uniq_grum, uniq_maurice
D:12:     layout_roguey
D:13:     layout_rooms, david_vaults_5, serial_shops, nicolae_shop_behind_doors,
          tso_oasis_becter
D:14:     layout_layer_cave, makhleb_altar_promises_db
D:15:     hangedman_depths_entry_civil_slaughter, layout_basic,
          nicolae_shop_clearance
Lair:1:   layout_chaotic_city, grunt_megastairs_3, uniq_gastronok
Lair:2:   layout_roguey, nicolae_spider_entry_tight_spaces,
          nicolae_lair_run_with_the_wolves, lemuel_fruit_fields
Lair:3:   layout_hall_layers, basic_altar
Lair:4:   layout_loops_ring, minmay_shoals_entry_beasts, forest_entry_grove
Lair:5:   layout_cave_shapes, chequers_serial_rivers_room_b, uniq_sonja
Lair:6:   grunt_lair_end_beastmaster, layout_regular_city, slime_altar_2,
          worms_lemuel, grunt_megastairs_4, uniq_nessos, uniq_kirke
Shoals:1: layout_shoals, gammafunk_ghost_wrathful_warriors
Shoals:2: layout_shoals, nicolae_shoals_undead_eyrie, uniq_polyphemus
Orc:1:    layout_caves, minmay_orc_keep
Orc:2:    pf_orc_diabolical, layout_caves, nicolae_shop_gadgets
Elf:1:    nicolae_elf_arrival_aired_out, layout_onion_city,
          minmay_elf_annihilation, fountainhead, minmay_misc_feat_ornament,
          minmay_misc_feat_columns, lemuel_flamethrower_3

Skill      XL: |  1  2  3  4  5  6  7  8  9 10 11 12 13 14 15 16 |
---------------+-------------------------------------------------+-----
Conjurations   | 5 7 8 9 10 11 12 15 16 17 | 17.8
Hexes          | 2 3 5 6 7 9 10 | 10.0
Shields        | 3 4 6 8 |  8.8
Maces & Flails | 2 5 6 7 8 |  8.7
Fighting       | 1 4 7 8 9 |  9.8
Spellcasting   | 4 5 6 8 |  8.0
Dodging        | 2 5 7 10 | 10.0
Evocations     | 1 4 6 7 |  7.0
Stealth        | |  1.7

Action                   |  1- 3 |  4- 6 |  7- 9 | 10-12 | 13-15 | 16-18 || total
-------------------------+-------+-------+-------+-------+-------+-------++-------
Melee: Unarmed           |    44 |       |       |       |       |       ||    44
       Tailslap          |     7 |     7 |    33 |    33 |    53 |     2 ||   135
       Dagger            |   131 |     3 |       |       |       |       ||   134
       Whip              |       |    65 |   331 |    21 |       |       ||   417
       Mace              |       |       |     6 |   249 |   495 |       ||   750
       Staff             |       |       |       |       |    28 |       ||    28
       Morningstar       |       |       |       |       |    61 |    34 ||    95
Throw: Dart              |       |       |    16 |    46 |    35 |       ||    97
       Javelin           |       |       |     8 |     2 |     8 |       ||    18
       Boomerang         |       |       |       |     7 |     7 |     1 ||    15
       Throwing net      |       |       |       |     9 |     3 |       ||    12
 Cast: Magic Dart        |    22 |       |     2 |     1 |     3 |       ||    28
       Searing Ray       |     7 |    15 |    29 |    41 |    86 |     4 ||   182
       Fulminant Prism   |       |       |    27 |   106 |   284 |    29 ||   446
 Abil: Breathe Noxious F |       |       |    13 |    21 |    27 |       ||    61
Evoke: Wand              |       |       |       |     4 |    23 |       ||    27
       Lightning rod     |       |       |       |       |    11 |     2 ||    13
       Box of beasts     |       |       |       |       |     3 |       ||     3
  Use: Potion            |       |     2 |     5 |     1 |    12 |       ||    20
       Scroll            |       |     2 |     3 |     8 |    18 |     1 ||    32
 Stab: Sleeping          |       |     4 |     3 |       |       |       ||     7
       Confused          |       |       |     2 |       |     5 |       ||     7
       Distracted        |       |       |     1 |     1 |     3 |       ||     5
       Held in net/web   |       |       |       |       |     1 |       ||     1
Armor: Skin              |    72 |    28 |    87 |   137 |   305 |    15 ||   644
Dodge: Dodged            |   136 |    60 |   162 |   181 |   553 |    46 ||  1138
       Repelled          |       |       |     1 |       |     9 |       ||    10
Block: Buckler           |       |       |   155 |   189 |   522 |    30 ||   896

Table legend: (Time is in decaauts)
 A = Elapsed time spent in this place.
 B = Non-inter-level travel time spent in this place.
 C = Inter-level travel time spent in this place.
 D = Time resting spent in this place.
 E = Time spent auto-exploring this place.
 F = Levels seen in this place.
 G = Mean time per level.
                   A        B        C        D        E       F      G
               +--------+--------+--------+--------+--------+-----+--------+
         Total |  43006 |  40195 |   2811 |   5448 |  27177 |  27 | 1592.8 |
       Dungeon |  23765 |  21592 |   2173 |   1642 |  15737 |  15 | 1584.3 |
          Lair |  13709 |  13167 |    542 |   2998 |   8027 |   6 | 2284.8 |
        Shoals |   1754 |   1754 |      0 |    375 |   1054 |   2 |  877.0 |
  Orcish Mines |   3511 |   3417 |     94 |    433 |   2160 |   2 | 1755.5 |
   Elven Halls |      8 |      8 |      0 |      0 |      1 |   1 |    8.0 |
         Sewer |    257 |    257 |      0 |      0 |    198 |   1 |  257.0 |
               +--------+--------+--------+--------+--------+-----+--------+

Top non-repeatable levels by time:
  Lair:6: 3749 daAuts
  Lair:1: 3316 daAuts
   Orc:2: 2458 daAuts
  Lair:4: 2220 daAuts
    D:11: 2211 daAuts
    D:13: 2115 daAuts
    D:12: 1976 daAuts
     D:1: 1970 daAuts
    D:14: 1931 daAuts
  Lair:2: 1831 daAuts
     D:6: 1825 daAuts
     D:9: 1796 daAuts
Shoals:1: 1752 daAuts
     D:5: 1701 daAuts
  Lair:5: 1636 daAuts
